 Dungeon Crawl Stone Soup version 0.31-a0-150-g89dc3ad700 (webtiles) character file.

Game seed: 2399139685475729104

73 qw the Shooter (level 4, -3/28 HPs)
             Began as a Gargoyle Hunter on June 8, 2023.
             Slain by a gnoll
             ... wielding a +0 halberd
              (8 damage)
             ... on level 3 of the Dungeon.
             The game lasted 00:00:40 (1874 turns).

qw the Shooter (Gargoyle Hunter)                    Turns: 1874, Time: 00:00:41

Health: -3/28      AC: 11    Str: 15    XL:     4   Next: 27%
Magic:  4/4        EV: 11    Int:  9    God:
Gold:   162        SH:  0    Dex: 15    Spells: 3/3 levels left

rFire   . . .        Y - +0 shortbow
rCold   . . .        (shield currently unavailable)
rNeg    + . .        c - +0 leather armour
rPois   inf          g - +0 helmet
rElec   +            (no cloak)
rCorr   .            (no gloves)
SInv    .            (no boots)
Will    .....        (no amulet)
Stlth   ++           i - +4 ring of protection
HPRegen 0.24/turn    (no ring)
MPRegen 0.09/turn

%: no passive effects
@: no status effects
A: sickness immunity, AC +3, negative energy resistance 1, electricity
resistance, torment resistance 1, petrification resistance
a: no special abilities


You were on level 3 of the Dungeon.
You visited 1 branch of the dungeon, and saw 3 of its levels.

You collected 162 gold pieces.


Innate Abilities, Weirdness & Mutations

You are immune to sickness and miasma.
Your stone body is resilient. (AC +3)
You are immune to poison.
You resist negative energy. (rN+)
You are resistant to electric shocks. (rElec)
You are resistant to unholy torment.
You are immune to petrification.


   Skills:
 - Level 3.1 Fighting
 + Level 5.2 Ranged Weapons
 - Level 1.5 Dodging
 - Level 1.1 Stealth


You had 3 spell levels left.
You didn't know any spells.
Your spell library was empty.

Inventory:

Hand Weapons
 Y - a +0 shortbow (weapon)
Armour
 c - a +0 leather armour (worn)
 g - a +0 helmet (worn)
Jewellery
 i - a +4 ring of protection (left hand)
Scrolls
 l - a scroll of identify
Potions
 a - a potion of curing
 b - a potion of heal wounds {unknown}
 d - 2 potions of lignification {unknown}
 k - a potion of might {unknown}

Dungeon Overview and Level Annotations

Branches:
Dungeon (3/15)

Altars:


Message History

A gnoll comes into view. It is wielding a +0 spear.
You shoot an arrow. The gnoll shouts!
The arrow hits the gnoll.
The gnoll is heavily wounded.
A gnoll comes into view. It is wielding a +0 club.
You shoot an arrow. The arrow completely misses the gnoll.
The gnoll shouts!
A gnoll comes into view. It is wielding a +0 halberd.
1865 ||| Stepping ~*~*~tactically~*~*~ (outnumbered).
You shoot an arrow. The arrow hits the gnoll.
The gnoll is almost dead.
You shoot an arrow. The arrow closely misses the gnoll.
You shoot an arrow. The arrow hits the gnoll.
You kill the gnoll!
You hear a shout!
The gnoll hits you from afar with a +0 spear.
Your Fighting skill increases to level 3!
You have reached level 4!
You feel stronger.
You shoot an arrow. The arrow hits the gnoll!
The gnoll is severely wounded.
The gnoll closely misses you. The gnoll hits you but does no damage.
You shoot an arrow. The arrow hits the gnoll!
The gnoll is severely wounded.
The gnoll hits you from afar with a +0 spear.
The gnoll hits you but does no damage.
You shoot an arrow. The arrow hits the gnoll.
You kill the gnoll!
The gnoll barely misses you. x2
You shoot an arrow. The arrow barely misses the gnoll.
The gnoll hits you from afar with a +0 spear.
The gnoll hits you from afar with a +0 halberd.
You shoot an arrow. The arrow hits the gnoll.
The gnoll is severely wounded.
The gnoll barely misses you.
The gnoll hits you from afar with a +0 halberd!
You shoot an arrow. The arrow closely misses the gnoll.
The gnoll hits you from afar with a +0 spear.
The gnoll hits you from afar with a +0 halberd!
You die...

####.##....#....#
#......
#>.'....#....#
#...... ##.#....#
#...... #.#....#
#...... #.....##
#......
####..##########
#......
#....#....(.#
#......
##.#........#
#......
#.##@[.....#
#......
#.##)).....#
#......
#.###gg....#
#...... ..#
#......# #......
... ..##..##
#####.. ... .[#
.... #.. .......#
.##. #.. ...+ .#
#.. g...# ###


You could see 2 gnolls.

Vanquished Creatures
  An adder (D:2)
  2 gnolls (D:3)
  2 endoplasms
  3 giant cockroaches
  3 goblins
  5 hobgoblins
  3 kobolds
  5 quokkas
  9 ball pythons
  4 bats
  4 frilled lizards
  A rat (D:3)
42 creatures vanquished.

Notes
Turn   | Place    | Note
-------+----------+-------------------------------------------
     0 | D:1      | qw the Gargoyle Hunter began the quest for the Orb.
     0 | D:1      | Reached XP level 1. HP: 12/12 MP: 1/1
     0 | D:1      | 0 ||| qw: Version: 0.2-a-119-g7aa9181
     0 | D:1      | 0 ||| qw: Game counter: 2840
     0 | D:1      | 0 ||| qw: Always use a shield: true
     0 | D:1      | 0 ||| qw: God list: Okawaru
     0 | D:1      | 0 ||| qw: Allow faded altars: false
     0 | D:1      | 0 ||| qw: Do Orc after D:15 true
     0 | D:1      | 0 ||| qw: Do second Lair branch before Depths: true
     0 | D:1      | 0 ||| qw: Lair rune preference: random
     0 | D:1      | 0 ||| qw: Plans: Normal
     0 | D:1      | 0 ||| PLANNING D:1-11
   394 | D:1      | Reached XP level 2. HP: 17/17 MP: 2/2
   812 | D:1      | 812 ||| UPGRADING to +0 helmet.
   817 | D:1      | 817 ||| UPGRADING to +4 ring of protection.
   818 | D:1      | 818 ||| READING scroll labelled BAAHYRIMEA.
   819 | D:1      | 819 ||| READING scroll labelled QOPHONISAC.
   820 | D:1      | 820 ||| READING scroll labelled DEACWA TAFISU.
   821 | D:1      | 821 ||| READING scroll labelled LAER XOKKECLE.
   824 | D:1      | 824 ||| READING 3 scrolls labelled QUDDEG MOH.
   825 | D:1      | 825 ||| READING 2 scrolls of identify.
   825 | D:1      | 825 ||| IDENTIFYING inky potion
   826 | D:1      | 826 ||| DROPPING scroll of butterflies.
   827 | D:1      | 827 ||| DROPPING potion of enlightenment.
  1031 | D:2      | Reached XP level 3. HP: 21/21 MP: 3/3
  1093 | D:2      | Reached skill level 5 in Ranged Weapons
  1551 | D:2      | 1551 ||| DROPPING +6 ring of intelligence.
  1552 | D:2      | 1552 ||| READING scroll labelled RIPLALAMMO.
  1653 | D:2      | 1653 ||| READING scroll labelled RUFYR UPPODIYF.
  1654 | D:2      | 1654 ||| READING 2 scrolls of identify.
  1654 | D:2      | 1654 ||| IDENTIFYING brown potion
  1865 | D:3      | 1865 ||| Stepping ~*~*~tactically~*~*~ (outnumbered).
  1869 | D:3      | Reached skill level 3 in Fighting
  1869 | D:3      | Reached XP level 4. HP: 27/28 MP: 4/4
  1874 | D:3      | HP: 5/28 [gnoll/+0 spear (6)]
  1874 | D:3      | Slain by a gnoll

Levels and vault maps discovered:
D:1:      dpeg_arrival_simpleton_c, layout_loops_corners, minmay_small_reverse_x
D:2:      layout_loops_ring
D:3:      layout_basic, kennysheep_generic_room_2

Skill      XL: |  1  2  3 |
---------------+----------+-----
Ranged Weapons | 5 |  5.2
Fighting       | 3 |  3.1
Dodging        | |  1.5
Stealth        | |  1.1

Action                     |  1- 3 |  4- 6 || total
---------------------------+-------+-------++-------
   Fire: Shortbow          |   150 |     6 ||   156
    Use: Scroll            |     9 |       ||     9
 Armour: Leather armour    |    28 |     2 ||    30
  Dodge: Dodged            |    51 |     4 ||    55

Table legend:
 A = Non-vault XP
 B = Vault XP
 C = Vault XP percentage of total XP
 D = Non-vault monster count
 E = Vault monster count
 F = Vault count percentage of total count
                 A         B        C        D         E       F
            +---------+---------+-------+---------+---------+-------
      Total |      99 |       6 |   5.7 |      39 |       3 |   7.1
            +---------+---------+-------+---------+---------+-------
        D:1 |      21 |       6 |  22.2 |      13 |       3 |  18.8
        D:2 |      37 |       0 |   0.0 |      16 |       0 |   0.0
        D:3 |      41 |       0 |   0.0 |      10 |       0 |   0.0
            +---------+---------+-------+---------+---------+-------
